 Dungeon Crawl Stone Soup version 0.27.0-1-g7a089689b8 (webtiles) character file.

Game seed: 4001970638392504874

301 Spectrina the Covert (level 6, -1/36 HPs)
             Began as a Deep Elf Monk on Aug 2, 2021.
             Slain by a kobold brigand (6 damage)
             ... in a sewer.
             The game lasted 00:09:49 (1360 turns).

Spectrina the Covert (Deep Elf Monk)                Turns: 1360, Time: 00:09:50

Health: -1/36      AC:  2    Str:  8    XL:     6   Next: 14%
Magic:  12/12      EV: 13    Int: 17    God:
Gold:   46         SH:  0    Dex: 17    Spells: 10/10 levels left

rFire    + . .     SeeInvis .   a - +2 dagger (drain)
rCold    + . .     Faith    .   (no shield)
rNeg     . . .     Spirit   .   o - +0 robe
rPois    +         Reflect  .   (no helmet)
rElec    +         Harm     .   (no cloak)
rCorr    +         Rampage  .   (no gloves)
Will     .....                  (no boots)
Stlth    ++++......             (no amulet)
HPRegen  0.12/turn              (no ring)
MPRegen  0.13/turn              (no ring)

@: resistant
A: no striking features
a: no special abilities


You were in a sewer.
You visited 1 branch of the dungeon, and saw 4 of its levels.
You also visited: Sewer.

You collected 46 gold pieces.

Inventory:

Hand Weapons
 a - a +2 dagger of draining (weapon)
 b - a +0 hunting sling
 c - a +0 dagger
 j - a +0 short sword
 s - a +1 whip of distortion
Missiles
 d - 23 stones
 h - 11 poisoned darts (quivered)
 i - 41 arrows
 l - 20 sling bullets
 p - 28 bolts
Armour
 n - a +0 pair of gloves
 o - a +0 robe (worn)
Magical Staves
 m - a staff of earth
Scrolls
 e - a scroll of immolation {unknown}
 f - a scroll of identify {unknown}
 g - 2 scrolls of blinking {unknown}
 k - a scroll of enchant armour {unknown}
Potions
 q - a potion of resistance
 r - a potion of haste {unknown}


   Skills:
 - Level 2.4 Fighting
 - Level 3.0 Short Blades
 - Level 3.6 Dodging
 - Level 8.0 Stealth
 + Level 2.7 Spellcasting


You had 10 spell levels left.
You didn't know any spells.
Your spell library was empty.

Dungeon Overview and Level Annotations

Branches:
Dungeon (4/15)              Sewer (1/1)
 Temple: D:4-7

Altars:

Annotations:
D:2 Jessica


Message History

The kobold brigand splashes around in the water.
You hit the kobold brigand but do no damage.
The kobold brigand hits you with a +0 short sword.
You closely miss the kobold brigand.
The kobold brigand splashes around in the water.
You hit the kobold brigand but do no damage.
The kobold brigand splashes around in the water.
You hit the kobold brigand.
The kobold brigand is lightly wounded.
The kobold brigand hits you with a +0 short sword.
You hit the kobold brigand. You drain the kobold brigand.
The kobold brigand is moderately wounded.
You closely miss the kobold brigand.
The kobold brigand is moderately wounded.
The kobold brigand barely misses you.
You closely miss the kobold brigand.
The kobold brigand is moderately wounded.
The kobold brigand misses you.
You closely miss the kobold brigand.
The kobold brigand is moderately wounded.
The kobold brigand splashes around in the water.
You hit the kobold brigand.
The kobold brigand is moderately wounded.
The kobold brigand hits you with a +0 short sword.
You hit the kobold brigand but do no damage.
The kobold brigand is moderately wounded.
The kobold brigand hits you with a +0 short sword!
You hit the kobold brigand but do no damage.
The kobold brigand is moderately wounded.
You hit the kobold brigand.
The kobold brigand is moderately wounded.
The kobold brigand misses you.
You closely miss the kobold brigand.
The kobold brigand is moderately wounded.
The kobold brigand hits you with a +0 short sword.
* * * LOW HITPOINT WARNING * * *
It was a potion of resistance.
You feel protected.
The kobold brigand hits you with a +0 short sword.
You die...

≈.≈≈..# ..≈≈..##
####### ..≈.≈≈≈##
#####≈≈≈≈.#
≈≈##.≈≈≈####≈≈≈≈≈#####
≈####.≈≈≈≈.≈≈###≈≈≈≈.#
.# #≈.≈.≈≈.≈# #######
≈≈# ##≈.≈...≈###≈≈≈≈(#
...≈ #######≈.≈≈≈#####
≈≈≈≈ #####@K≈≈(# #≈.
####### .


You could see a kobold brigand (drained).

Vanquished Creatures
  2 kobold brigands (Sewer)
  2 hounds
  4 adders
  A river rat (Sewer)
  4 worms
  A dart slug (D:2)
  10 endoplasms
  A giant cockroach (D:3)
  A hobgoblin (D:1)
  4 jackals (D:1)
  4 quokkas (D:4)
  5 ball pythons
  A bat (D:1)
  A frilled lizard (D:1)
  6 kobolds
  3 rats (Sewer)
50 creatures vanquished.

Notes
Turn   | Place    | Note
-------+----------+-------------------------------------------
     0 | D:1      | Spectrina the Deep Elf Monk began the quest for the Orb.
     0 | D:1      | Reached XP level 1. HP: 13/13 MP: 3/3
   104 | D:1      | Reached skill level 3 in Stealth
   178 | D:1      | Reached XP level 2. HP: 18/18 MP: 4/4
   219 | D:2      | Reached skill level 4 in Stealth
   244 | D:2      | Noticed Jessica
   343 | D:2      | Reached skill level 5 in Stealth
   343 | D:2      | Reached XP level 3. HP: 22/22 MP: 5/5
   397 | D:1      | Reached XP level 4. HP: 26/27 MP: 6/6
   438 | D:3      | Found a faded altar of an unknown god.
   490 | D:4      | Reached skill level 6 in Stealth
   542 | D:4      | Noticed a black bear
   591 | D:4      | Found a glowing drain.
   634 | Sewer    | Entered a sewer
   691 | Sewer    | Noticed a kobold brigand
   718 | Sewer    | Killed a kobold brigand
   719 | Sewer    | Reached skill level 7 in Stealth
   719 | Sewer    | Reached XP level 5. HP: 7/31 MP: 7/7
   938 | Sewer    | Reached skill level 1 in Spellcasting
  1097 | Sewer    | Reached XP level 6. HP: 28/36 MP: 8/11
  1139 | Sewer    | Reached skill level 8 in Stealth
  1360 | Sewer    | Slain by a kobold brigand

Illustrated notes

Levels and vault maps discovered:
D:1:      dpeg_arrival_round_b, layout_basic
D:2:      minmay_door_path, layout_loops_cross, kennysheep_jessica_study,
          uniq_sigmund
D:3:      layout_basic, dreamdust_ecumenical_altar_grove, serial_shops, shop,
          kennysheep_big_empty_room, minmay_cupped
D:4:      layout_basic, portal_sewer_entry_f, chequers_serial_rivers_small_3,
          minmay_liquid_box, uniq_crazy_yiuf_cottage
Sewer:    sewer_co_tree

Skill      XL: |  1  2  3  4  5  6 |
---------------+-------------------+-----
Stealth        | 3 5 7 8 |  8.0
Spellcasting   | 2 |  2.7
Fighting       | |  2.4
Short Blades   | |  3.0
Dodging        | |  3.6

Action                   |  1- 3 |  4- 6 || total
-------------------------+-------+-------++-------
Melee: Short sword       |    14 |       ||    14
       Dagger            |    31 |    72 ||   103
 Fire: Hunting sling     |       |    98 ||    98
Throw: Stone             |       |     1 ||     1
       Dart              |       |     3 ||     3
  Use: Potion            |       |     2 ||     2
 Stab: Sleeping          |     2 |     4 ||     6
Armor: Robe              |     8 |     2 ||    10
Dodge: Dodged            |    24 |    26 ||    50
